 Dungeon Crawl Stone Soup version 0.20.1-1-g8b1a95d (webtiles) character file.

228 vineage the Skirmisher (level 5, -1/42 HPs)
             Began as a Demonspawn Berserker on Aug 19, 2017.
             Was a Priest of Trog.
             Slain by Crazy Yiuf
             ... wielding a +3 quarterstaff of chaos
              (9 damage)
             ... while paralysed by Crazy Yiuf
             ... on level 4 of the Dungeon.
             The game lasted 00:04:09 (2604 turns).

vineage the Skirmisher (Demonspawn Berserker)       Turns: 2604, Time: 00:04:10

Health: -1/42      AC:  2    Str: 18    XL:     5   Next: 70%
Magic:  5/5        EV:  2    Int:  9    God:    Trog [***...]
Gold:   179        SH:  0    Dex: 12    Spells: 4/4 levels left

rFire    . . .     SeeInvis .   i - +2 spear (pierce)
rCold    . . .     Gourm    +   (no shield)
rNeg     . . .     Faith    .   b - +0 animal skin
rPois    .         Spirit   .   (no helmet)
rElec    .         Reflect  .   (no cloak)
rCorr    .         Harm     .   (no gloves)
MR       .....                  (no boots)
Stlth    ++........             j - amulet of the gourmand
Regen    0.2/turn               (no ring)
MPRegen  0.1/turn               (no ring)

@: paralysed, drained
A: claws 2, large bone plates 1
a: Berserk, Trog's Hand, Burn Spellbooks, Renounce Religion


You were on level 4 of the Dungeon.
You worshipped Trog.
Trog was most pleased with you.
You were not hungry.

You visited 1 branch of the dungeon, and saw 4 of its levels.

You collected 179 gold pieces.

Inventory:

Hand Weapons
 a - a +0 mace
 i - a +2 spear of piercing (weapon)
Armour
 b - a +0 animal skin (worn)
Jewellery
 f - an uncursed amulet of rage
 j - an amulet of the gourmand (around neck)
Scrolls
 d - a scroll of recharging {unknown}
 g - 4 scrolls of remove curse
 h - a scroll of teleportation {unknown}
 m - a scroll of random uselessness {unknown}
 p - a scroll of magic mapping {unknown}
Potions
 e - a potion of curing
 k - 3 potions of flight {unknown}
 l - 2 potions of lignification {unknown}
 n - a potion of degeneration {unknown}
Comestibles
 c - 3 bread rations
 o - a meat ration


   Skills:
 + Level 3.7(3.3) Fighting
 + Level 3.3(3.0) Maces & Flails
 + Level 2.9(2.6) Polearms
 + Level 2.0(1.7) Armour
 + Level 2.3(2.0) Dodging
 + Level 2.1(1.8) Stealth


You had 4 spell levels left.
You didn't know any spells.

Dungeon Overview and Level Annotations

Branches:
Dungeon (4/15)
 Temple: D:4-7

Altars:
Dithmenos
Gozag
Trog

Annotations:
D:4 Crazy Yiuf


Innate Abilities, Weirdness & Mutations

You have very sharp fingernails.
You are partially covered in large bone plates. (SH +4)


Message History

You eat the royal jelly.
That royal jelly was delicious!
There is an open door here.
There is an open door here.
Things that are here:
a jackal corpse x2
You open the door.
Crazy Yiuf the Enlightened comes into view.
He is wielding a quarterstaff of chaos.
Found a mace.
There is an open door here.
You closely miss Crazy Yiuf.
Crazy Yiuf hits you with a quarterstaff of chaos!
You hit Crazy Yiuf but do no damage.
Crazy Yiuf hits you with a quarterstaff of chaos!
You suddenly lose the ability to move!
Crazy Yiuf hits you with a quarterstaff of chaos!
* * * LOW HITPOINT WARNING * * *
You feel drained.
* * * LOW HITPOINT WARNING * * *
Crazy Yiuf hits you with a quarterstaff of chaos!
You die...

#####
#)..#
#.g.#
#.@.#
##'##
♣.♣♣
♣♣.♣
♣.♣♣
♣♣.♣
♣♣.♣♣
♣♣P..♣
♣PP.P♣


You could see Crazy Yiuf.

Vanquished Creatures
  An ogre (D:4)
  A bullfrog skeleton (D:4)
  2 adders (D:3)
  5 worms (D:2)
  2 leopard geckos
  7 orcs (D:3)
  A ball python (D:3)
  9 bats
  4 giant cockroaches
  8 goblins
  8 hobgoblins
  5 jackals
  4 frilled lizards
  A jackal skeleton (D:4)
  10 kobolds
  6 rats
74 creatures vanquished.

Notes
Turn   | Place    | Note
-------+----------+-------------------------------------------
     0 | D:1      | vineage the Demonspawn Berserker began the quest for the Orb.
     0 | D:1      | Reached XP level 1. HP: 18/18 MP: 1/1
   177 | D:1      | Gained mutation: You have sharp fingernails. [demonic ancestry]
   177 | D:1      | Reached XP level 2. HP: 24/24 MP: 2/2
   702 | D:2      | Reached XP level 3. HP: 27/29 MP: 3/3
   708 | D:2      | Reached ** piety under Trog
   766 | D:2      | Found a shadowy altar of Dithmenos.
   766 | D:2      | Found a bloodstained altar of Trog.
  1022 | D:2      | Reached skill level 1 in Polearms
  1861 | D:3      | Gained mutation: You are partially covered in large bone plates. (SH +4) [demonic ancestry]
  1861 | D:3      | Reached XP level 4. HP: 23/35 MP: 4/4
  2034 | D:3      | Reached skill level 1 in Stealth
  2053 | D:3      | Reached *** piety under Trog
  2160 | D:3      | Found an opulent altar of Gozag.
  2477 | D:4      | Gained mutation: You have very sharp fingernails. [demonic ancestry]
  2477 | D:4      | Reached XP level 5. HP: 41/41 MP: 5/5
  2511 | D:4      | Found a runed door.
  2553 | D:4      | Noticed an ogre
  2558 | D:4      | Killed an ogre
  2598 | D:4      | Noticed Crazy Yiuf
  2602 | D:4      | Paralysed by Crazy Yiuf for 6 turns
  2604 | D:4      | Slain by Crazy Yiuf

Skill      XL: |  1  2  3  4  5 |
---------------+----------------+-----
Maces & Flails | 3 |  3.3
Dodging        | 2 |  2.3
Armour         | 2 |  2.0
Polearms       | 1 2 |  2.9
Stealth        | 1 2 |  2.1
Fighting       | |  3.7

Action                   |  1- 3 |  4- 6 || total
-------------------------+-------+-------++-------
Melee: Mace              |     8 |       ||     8
       Spear             |   116 |    67 ||   183
Invok: Burn Spellbooks   |     1 |       ||     1
  Use: Scroll            |     4 |       ||     4
       Potion            |       |     1 ||     1
 Stab: Sleeping          |     4 |     5 ||     9
       Distracted        |       |     1 ||     1
  Eat: Fruit             |     2 |       ||     2
       Royal jelly       |     1 |     1 ||     2
       Chunk             |       |     1 ||     1
Armor: Animal skin       |    11 |     6 ||    17
Dodge: Dodged            |    50 |    25 ||    75
Block: Other             |       |     6 ||     6
